 Dungeon Crawl Stone Soup version 0.20-a0-947-g2784f4f (webtiles) character file.

130 Klosterheim the Conjurer (level 4, -5/24 HPs)
             Began as a Deep Elf Conjurer on Apr 3, 2017.
             Killed by divine providence
             ... invoked by an orc priest
              (13 damage)
             ... on level 3 of the Dungeon.
             The game lasted 00:03:20 (2718 turns).

Klosterheim the Conjurer (Deep Elf Conjurer)        Turns: 2718, Time: 00:03:21

Health: -5/24      AC:  2    Str:  5    XL:     4   Next: 90%
Magic:  3/21       EV: 13    Int: 21    God:
Gold:   160        SH:  0    Dex: 15    Spells: 8/12 levels left

rFire    . . .     SeeInvis .   m - -2 dagger (curse)
rCold    + . .     Gourm    .   (no shield)
rNeg     . . .     Faith    .   e - +0 robe (curse)
rPois    .         Spirit   .   (no helmet)
rElec    .         Reflect  .   j - scarf {rC+}
rCorr    .         Harm     .   (no gloves)
MR       .....                  (no boots)
Stlth    ++........             (no amulet)
Regen    0.1/turn               a - ring of magical power
MPRegen  0.2/turn               (no ring)

@: no status effects
A: no striking features
a: no special abilities


You were on level 3 of the Dungeon.
You were hungry.

You visited 1 branch of the dungeon, and saw 3 of its levels.

You collected 160 gold pieces.

Inventory:

Hand Weapons
 m - a cursed -2 dagger (weapon)
Armour
 e - a cursed +0 robe (worn)
 j - a scarf of cold resistance (worn)
Jewellery
 a - a ring of magical power (left hand)
Wands
 d - a wand of paralysis (13/24)
Scrolls
 h - a scroll of identify
 n - a scroll of remove curse {unknown}
 o - a scroll of teleportation
Potions
 f - a potion of flight
 i - a potion of might {unknown}
 k - a potion of heal wounds {unknown}
 l - a potion of brilliance {unknown}
 p - a potion of agility {unknown}
Books
 b - a book of Conjurations

   Spells                             Type                      Level
   a - Magic Dart                     Conjuration                  1
   b - Searing Ray                    Conjuration                  2
   c - Dazzling Spray                 Conjuration/Hexes            3
   d - Fulminant Prism                Conjuration/Hexes            4
   e - Force Lance                    Conjuration/Translocation    4
   f - Iskenderun's Mystic Blast      Conjuration                  4
Comestibles
 c - 5 bread rations
 g - a chunk of flesh


   Skills:
 - Level 2.4 Dodging
 - Level 2.4 Stealth
 + Level 4.7 Spellcasting
 * Level 6.1 Conjurations


You had 8 spell levels left.
You knew the following spells:

 Your Spells              Type           Power        Failure   Level  Hunger
a - Magic Dart            Conj           ####         1%          1    None
b - Dazzling Spray        Conj/Hex       ###...       12%         3    ##.....


Dungeon Overview and Level Annotations

Branches:
Dungeon (3/15)

Altars:


Message History

Press: ? - help, Shift-Dir - straight line, f - worker ant
Aim: a worker ant The spray of energy hits the worker ant.
The worker ant is heavily wounded.
The worker ant is dazzled.
Casting: Dazzling Spray
Confirm with . or Enter, or press ? or * to list all spells.
Aiming: Dazzling Spray
Press: ? - help, Shift-Dir - straight line, f/p - worker ant
Aim: a worker ant (heavily wounded, blind, hasn't noticed you)
The spray of energy hits the worker ant.
The worker ant is severely wounded.
The worker ant twitches its antennae in your direction.
The worker ant is dazzled.
The spray of energy hits the orc.
You kill the orc!
The orc throws a tomahawk.
The tomahawk closely misses you.
The orc priest calls down the wrath of Beogh upon you.
Beogh smites you!
Ouch! That really hurt!
You die...

#...... #...... #...... #
..... # .)o ##### #o####
##### #....
#.)..######...# #.>.<
######a..........# #....
#......@.........# #.##.
..................###.###
....##............'.#.###
... #............#.#....
.. #......(.........#.. #
#.............##.##.
#.............##....
..............#####.
#........++#.##....


You could see a worker ant (blind), an orc priest and an orc.

Vanquished Creatures
  4 gnolls (D:2)
  2 adders (D:3)
  An ooze (D:1)
  A worm (D:2)
  A dart slug (D:1)
  A leopard gecko (D:2)
  3 orcs (D:3)
  A ball python (D:2)
  8 bats
  6 giant cockroaches
  5 goblins
  8 hobgoblins
  4 jackals (D:3)
  5 kobolds
  5 frilled lizards
  5 rats
60 creatures vanquished.

Notes
Turn   | Place    | Note
-------+----------+-------------------------------------------
     0 | D:1      | Klosterheim the Deep Elf Conjurer began the quest for the Orb.
     0 | D:1      | Reached XP level 1. HP: 10/10 MP: 6/6
   161 | D:1      | Reached XP level 2. HP: 10/15 MP: 2/8
   611 | D:1      | Reached skill level 5 in Conjurations
   946 | D:1      | Reached XP level 3. HP: 19/19 MP: 10/10
  1607 | D:2      | Found a faded altar of an unknown god.
  1836 | D:2      | Reached XP level 4. HP: 24/24 MP: 12/12
  2269 | D:2      | Learned a level 3 spell: Dazzling Spray
  2629 | D:3      | Reached skill level 6 in Conjurations
  2718 | D:3      | Killed from afar by an orc priest

Vault maps used:
D:1:      matt_arrival_grand_opening, lemuel_old_faithful
D:2:      chequers_ecumenical_altar_twisty
D:3:      first_bread

Skill      XL: |  1  2  3  4 |
---------------+-------------+-----
Conjurations   | 5 6 |  6.1
Spellcasting   | 4 |  4.7
Dodging        | |  2.4
Stealth        | |  2.4

Action                   |  1- 3 |  4- 6 || total
-------------------------+-------+-------++-------
Melee: Unarmed           |     2 |       ||     2
 Cast: Magic Dart        |    75 |    43 ||   118
       Dazzling Spray    |       |     8 ||     8
  Use: Scroll            |       |     3 ||     3
  Eat: Chunk             |     3 |     2 ||     5
Armor: Robe              |     1 |     1 ||     2
Dodge: Dodged            |    11 |     8 ||    19
